Map: Ephemeron LE

Players

Reynor - Winner!

  • Race: Zerg Zerg
  • Spawn Location: 11:00

Armani

  • Race: Zerg Zerg
  • Spawn Location: 5:00

Event: IEM Katowice 2020

VOD

Have the link to the VOD?

Description

Time

  • Played on: Feb. 27, 2020, 10:53 a.m.
  • Length: 5:44

All games in this series

Show
View Real Time Build Order
Export as new Build Order

Reynor Zerg - Winner!

Build Orders: Pool First 

Get SALT Encoding   

  12  0:17  Spawning Pool  
  11  0:22  Drone  
  11  0:27  Drone  
  13  0:32  Drone  
  14  0:40  Overlord  
  14  1:04  Zergling x4  
  14  1:05  Zergling x2  
  17  1:16  Zergling x2  
  18  1:20  Hatchery  
  17  1:27  Zergling x2  
  18  1:35  Queen  
  18  1:39  Zergling x2  
  21  1:48  Overlord  
  21  1:58  Drone  
  22  2:09  Drone  
  22  2:10  Queen  
  25  2:22  Drone  
  24  2:33  Drone, Queen  
  24  2:34  Drone  
  28  2:43  Drone x3  
  31  2:44  Extractor  
  30  2:53  Overlord  
  30  2:54  Drone  
  30  2:55  Drone  
  30  2:59  Drone  
  30  3:05  Zergling x4  
  32  3:15  Drone x3  
  32  3:19  Drone  
  36  3:24  Evolution Chamber  
  36  3:26  Drone  
  36  3:27  Drone  
  37  3:35  Zergling x2  
  37  3:39  Roach Warren  
  37  3:44  Drone  
  37  3:45  Evolution Chamber  
  37  3:48  Metabolic Boost  
  37  3:51  Drone  
  37  3:53  Drone  
  39  3:58  Overlord  
  39  4:02  Drone x2  
  41  4:04  Drone  
  41  4:06  Drone  
  43  4:10  Overlord  
  43  4:17  Zergling x4  
  43  4:20  Zergling x6  
  48  4:25  Overlord  
  48  4:30  Zergling x6  
  51  4:33  Zergling x2  
  52  4:42  Zergling x4  
  54  4:51  Zergling x6  
  57  4:55  Zergling x2  
  57  4:56  Zergling x2, Hatchery  
  58  5:06  Zergling x4  
  60  5:13  Overlord  
  60  5:15  Drone x2  
  60  5:17  Drone x2  
  64  5:21  Drone x2  
  64  5:24  Extractor  
  64  5:25  Extractor  
  63  5:29  Drone x2  
Show
View Real Time Build Order
Export as new Build Order

Armani Zerg 

Build Orders: Hatch First 

Get SALT Encoding   

  12  0:00  Drone  
  13  0:13  Overlord  
  13  0:18  Drone  
  14  0:31  Drone x2  
  16  0:48  Hatchery  
  15  0:51  Drone  
  15  0:55  Drone  
  17  0:59  Drone  
  18  1:09  Extractor  
  17  1:14  Spawning Pool  
  17  1:17  Drone  
  17  1:20  Drone  
  18  1:29  Drone  
  19  1:39  Drone  
  20  1:50  Overlord  
  20  2:01  Queen  
  20  2:02  Zergling x4  
  26  2:11  Zergling x2  
  27  2:18  Drone  
  25  2:45  Hatchery  
  25  2:48  Zergling x2  
  25  2:58  Hatchery  
  25  2:59  Drone x2  
  25  3:03  Drone  
  28  3:11  Drone x2  
  30  3:15  Overlord  
  30  3:26  Lair, Extractor  
  29  3:31  Drone  
  29  3:33  Drone  
  31  3:35  Drone  
  32  3:43  Drone x2  
  32  3:46  Metabolic Boost  
  34  3:53  Drone x2  
  36  3:59  Overlord  
  36  4:10  Queen  
  36  4:13  Drone x2  
  40  4:17  Drone  
  40  4:19  Drone  
  40  4:23  Drone  
  43  4:31  Spire  
  43  4:36  Overlord  
  42  4:38  Drone  
  42  4:43  Extractor, Overlord  
  42  4:45  Drone  
  43  4:49  Drone  
  44  4:55  Drone x4  
  44  4:57  Drone  
  48  5:08  Extractor  
  48  5:10  Zergling x2, Spine Crawler  
  48  5:11  Zergling x2  
  48  5:17  Evolution Chamber x2  
  48  5:18  Evolution Chamber  
  48  5:20  Evolution Chamber  
  43  5:26  Evolution Chamber  
  41  5:30  Evolution Chamber  

Tags
 
Add a new tag
Caveats
  • Supply blocks, unpowered buildings, or Contaminate may cause inaccurate times.
  • Supply counts are checked every 10 seconds.